 Dungeon Crawl Stone Soup version 0.28-a0-1038-g9c4cb8273d (webtiles) character file.

Game seed: 16852777649326771179

0 spiderkeys the Ducker (level 1, -6/10 HPs)
             Began as a Felid Abyssal Knight on Dec 8, 2021.
             Was a Follower of Lugonu.
             Killed from afar by a raiju (12 damage)
             ... with a living lightning
             ... on level 1 of the Abyss.
             The game lasted 00:00:31 (230 turns).

spiderkeys the Ducker (Felid Abyssal Knight)         Turns: 230, Time: 00:00:32

Health: -6/10      AC:  1    Str:  5      XL:     1   Next: 0%
Magic:  2/2        EV: 17    Int:  6 (7)  God:    Lugonu [*.....]
Gold:   9          SH:  0    Dex: 12      Spells: 0/0 levels left
                                        Lives:  0   Deaths: 0

rFire   . . .      SeeInvis +     - Unarmed
rCold   . . .      Faith    .   (shield unavailable)
rNeg    . . .      Spirit   .   (armour unavailable)
rPois   .          Reflect  .   (helmet unavailable)
rElec   .          Harm     .   (cloak unavailable)
rCorr   .          Rampage  .   (gloves unavailable)
Will    .....      Rnd*Tele +   (boots unavailable)
Stlth   +.........              (no amulet)
HPRegen 0.00/turn               (no ring)
MPRegen 0.08/turn               (no ring)

@: sick, inhibited regen, unable to read, quick
A: very small, claws 1, fangs 3, see invisible, speed 1, shaggy fur 1, stealthy
paws, no weapons or thrown items, no armour, multi-lived, [clumsy 2],
[deterioration 2], [dopey 2], [low mp 3], [screaming 2], [inhibited
regeneration], [teleportitis 2], [weak 2], [subdued magic 2], [inability to read
while threatened]
a: Renounce Religion, Depart the Abyss


You were on level 1 of the Abyss.
You worshipped Lugonu.
Lugonu was aware of your devotion.
You visited 0 branches of the dungeon, and saw 0 of its levels.
You visited the Abyss 1 time.

You collected 9 gold pieces.


Innate Abilities, Weirdness & Mutations

You have sharp claws.
You have razor-sharp teeth.
You have supernaturally acute eyesight. (SInv)
You cover ground quickly. (Speed+)
You are covered in fur. (AC +1)
Your paws help you pounce on unaware monsters.
You are incapable of wielding weapons or throwing items.
You cannot wear armour.
You gain extra lives every three experience levels.
[You are very clumsy. (Dex -4)]
[Your body often deteriorates upon taking damage.]
[You are very dopey. (Int -4)]
[Your magical capacity is extremely low. (-30% MP)]
[You frequently scream uncontrollably at your foes.]
[You do not regenerate when monsters are visible.]
[You are sometimes teleported next to monsters.]
[You are very weak. (Str -4)]
[Your spells are easier to cast, but less powerful.]
[You sometimes lose the ability to read scrolls when taking damage.]


   Skills:
 + Level 3.0 Fighting
 + Level 3.2 Dodging
 + Level 2.0 Unarmed Combat
 + Level 1.7 Invocations


You couldn't memorise any spells.
You didn't know any spells.
Your spell library was empty.

You aren't carrying anything.

Dungeon Overview and Level Annotations

Branches:
Dungeon (0/15)

Altars:

# ####.#.. . # ..
#. #.h.#.u ###...
###.#
#.#....#..#.###
...#..
##..##u...###
#.....##.##
....#...
##...#..#.###..##..
..##.#...# .... .
#.#...#.# ##...
#@.#.### #ยง
#....##.. ..
#..##.#### #.. ##
##. .# #


You could see a brown very ugly thing (wandering) and a raiju.


Message History

๐Ÿค– Initializing magus.rc ... โœ… Successfully initialized magus.rc [v1.9.10] Welcome, spiderkeys the Felid Abyssal Knight.
Are you destined to find the terrific Orb of Zot, or to die trying?
Lugonu says: Depart the Abyss and spread corruption, my servant! (use the ability menu to exit the Abyss) Press ? for a list of commands and other information.
Found a corrupted altar of Lugonu.
There is a corrupted altar of Lugonu here.
You now have 9 gold pieces.
A wretched star emerges from the beyond.
The wretched star pulses with an eldritch light!
You feel the urge to shout.
You feel a strong urge to scream.
You feel less energetic. x2 ๐Ÿ˜Ž MP[-1]
A green very ugly thing comes into view.
The wretched star pulses with an eldritch light!
You lose the ability to read scrolls when threatened.
You feel weaker. x2
The wretched star pulses with an eldritch light!
You feel less energetic.
You feel clumsy. x2
You see here an emerald potion.
It was a potion of magic.
Magic courses through your body.
The wretched star pulses with an eldritch light!
You feel yourself wasting away.
You feel your body start to fall apart.
Your connection to magic feels subdued.
Your connection to magic feels more subdued.
The wretched star pulses with an eldritch light!
Your regeneration stops near monsters.
The green very ugly thing misses you.
The wretched star pulses with an eldritch light!
You feel stupid. x2
A lurking horror comes into view.
You see here a scroll labelled HACACRAADE.
As you read the scroll labelled HACACRAADE, it crumbles to dust.
It is a scroll of identify.
You don't have any unidentified items.
An ancient zyme comes into view.
You feel yourself growing ill in the presence of the ancient zyme.
Your body is wracked with pain!
Your body deteriorates!
You feel dopey. ๐Ÿ˜ฎ HP[-4]
You take 4 damage, and now have 6/10 hp.
MASSIVE DAMAGE!! (PAUSE)
You feel ill.
The wretched star pulses with an eldritch light!
You feel weirdly uncertain.
You feel even more weirdly uncertain.
The raiju barks!
You hear a bark!
A raiju comes into view.
The raiju barks!
A brown very ugly thing comes into view.
The raiju bursts into living lightning!
The living lightning hits you!
You feel threatened and lose the ability to read scrolls!
Ouch! That really hurt!
You die...

Action                   || total
-------------------------++-------
  Use: Scroll            ||     1
       Potion            ||     1
Dodge: Dodged            ||     1

Levels and vault maps discovered:
Abyss:1:  base: Temple, base: Temple, evilmike_abyss_exit_9,
          evilmike_abyss_exit_9

Notes
Turn   | Place    | Note
-------+----------+-------------------------------------------
     0 | Abyss:1  | spiderkeys the Felid Abyssal Knight began the quest for the
                  | Orb.
     0 | Abyss:1  | Reached XP level 1. HP: 10/10 MP: 3/3
     0 | Abyss:1  | magus.rc [v1.9.10]
   154 | Abyss:1  | Noticed a wretched star
   160 | Abyss:1  | Noticed a green very ugly thing
   183 | Abyss:1  | Noticed an ancient zyme
   221 | Abyss:1  | Noticed a raiju
   223 | Abyss:1  | Noticed a raiju
   230 | Abyss:1  | Noticed a brown very ugly thing
   230 | Abyss:1  | Killed from afar by a raiju

Vanquished Creatures (others)
  A lurking horror (Abyss:1)
1 creature vanquished.

Table legend:
 A = Non-vault XP
 B = Vault XP
 C = Vault XP percentage of total XP
 D = Non-vault monster count
 E = Vault monster count
 F = Vault count percentage of total count
                 A         B        C        D         E       F
            +---------+---------+-------+---------+---------+-------
      Total |       0 |       0 |   N/A |       0 |       0 |  -nan
            +---------+---------+-------+---------+---------+-------
            +---------+---------+-------+---------+---------+-------

Illustrated notes

Table legend: (Time is in decaauts)
 A = Elapsed time spent in this place.
 B = Non-inter-level travel time spent in this place.
 C = Inter-level travel time spent in this place.
 D = Time resting spent in this place.
 E = Time spent auto-exploring this place.
 F = Levels seen in this place.
 G = Mean time per level.
                   A        B        C        D        E       F      G
               +--------+--------+--------+--------+--------+-----+--------+
         Total |    184 |    184 |      0 |      0 |    123 |   1 |  184.0 |
         Abyss |    184 |    184 |      0 |      0 |    123 |   1 |  184.0 |
               +--------+--------+--------+--------+--------+-----+--------+

Top non-repeatable levels by time:
 Abyss:1: 184 daAuts
